[Event "Titled Tuesday Blitz May 10 Late 2022"]
[White "Sanchez, Robert"]
[Black "Saveliev, Alexei"]
[WhiteFideId "2034360"]
[BlackFideId "24128546"]
[WhiteElo "2205"]
[BlackElo "2281"]
[Result "1-0"]
[Round "02"]
[TimeControl "180+1"]
[Date "2022.05.11"]
[WhiteClock "0:01:12"]
[BlackClock "0:00:17"]

1. e4 g6 2. d4 Bg7 3. Nc3 d6 4. Be3 Nc6 5. f3 e5 6. d5 Nce7 7. Qd2 f5 8. O-O-O Nf6 9. Kb1 O-O 10. h4 fxe4 11. fxe4 Bg4 12. Nf3 Nh5 13. Bg5 Bf6 14. Re1 Qd7 15. Nh2 Ng3 16. Rg1 a6 17. Bd3 Nh5 18. Nd1 Bxd1 19. Qxd1 Nf4 20. Ng4 Bg7 21. g3 Nxd3 22. cxd3 c5 23. h5 b5 24. Rh1 c4 25. Nh6+ Bxh6 26. Bxh6 Rf2 27. Ref1 Qa7 28. Qg4 1-0


[Site "https://www.chess.com"]

[Event "Titled Tuesday Blitz May 10 Late 2022"]
[White "Sarana, Alexey"]
[Black "Skliarov, Viktor"]
[WhiteFideId "24133795"]
[BlackFideId "14106736"]
[WhiteElo "2666"]
[BlackElo "2229"]
[Result "1-0"]
[Round "02"]
[TimeControl "180+1"]
[Date "2022.05.10"]
[WhiteClock "0:00:45"]
[BlackClock "0:00:06"]

1. d4 Nf6 2. c4 e6 3. Nc3 Bb4 4. e3 b6 5. Ne2 Ne4 6. Qc2 Bb7 7. a3 Bxc3+ 8. Nxc3 Nxc3 9. Qxc3 O-O 10. b4 d6 11. Bb2 Nd7 12. Bd3 a5 13. O-O axb4 14. axb4 Qg5 15. e4 f5 16. d5 fxe4 17. Bxe4 Nf6 18. Bf3 exd5 19. Qd3 Kh8 20. Rxa8 Bxa8 21. Bxf6 Qxf6 22. cxd5 Bb7 23. Qc4 Rf7 24. Re1 g6 25. Re8+ Kg7 26. h3 Re7 27. Rb8 Qa1+ 28. Kh2 Qe5+ 29. g3 c5 30. dxc6 d5 31. Qh4 Bxc6 32. Rxb6 Be8 33. Qf4 Qxf4 34. gxf4 Re1 35. Bxd5 h5 36. h4 Rb1 37. f3 Ba4 38. Be4 Rb2+ 39. Kg3 Be8 40. f5 gxf5 41. Bxf5 Rb3 42. Be4 Kf8 43. Kf4 Kg7 44. Kg5 Rb2 45. Rb7+ Kf8 46. Kf6 Rd2 47. Rb8 Rd6+ 48. Ke5 Rh6 49. b5 Ke7 50. Rb7+ Kd8 51. b6 Bc6 52. Bxc6 Rxc6 53. f4 Kc8 54. Rc7+ Rxc7 55. bxc7 Kxc7 56. Kf6 Kd6 57. f5 1-0


[Site "https://www.chess.com"]

[Event "Titled Tuesday Blitz May 10 Late 2022"]
[White "Shapiro, Daniel"]
[Black "Ferreira, Vitor Hugo Vieira"]
[WhiteFideId "2001780"]
[BlackFideId "2119765"]
[WhiteElo "2331"]
[BlackElo "2165"]
[Result "0-1"]
[Round "02"]
[TimeControl "180+1"]
[Date "2022.05.11"]
[WhiteClock "0:00:22"]
[BlackClock "0:01:10"]

1. d4 d5 2. c4 c6 3. Nf3 Nf6 4. Qb3 dxc4 5. Qxc4 Bf5 6. g3 e6 7. Bg2 Nbd7 8. Nc3 h6 9. O-O Be7 10. Nd2 Nb6 11. Qb3 Qxd4 12. e4 Bh7 13. a3 O-O 14. Rd1 Qd7 15. Nc4 Qc8 16. Nxb6 axb6 17. Qxb6 Rd8 18. Bf4 Nd7 19. Qc7 e5 20. Qxc8 Raxc8 21. Be3 Nc5 22. b4 Nb3 23. Rab1 Nd4 24. f4 Bf6 25. Kf2 g5 26. fxe5 Bxe5 27. Rd2 Ne6 28. Na4 Rxd2+ 29. Bxd2 b5 30. Nb6 Rd8 31. Be3 Rd3 32. a4 bxa4 33. Nxa4 Ra3 34. Nc5 Ra2+ 35. Kg1 Nxc5 36. Bxc5 Rxg2+ 0-1


[Site "https://www.chess.com"]

[Event "Titled Tuesday Blitz May 10 Late 2022"]
[White "Simonovic, Miroslav"]
[Black "Kim, Sergey"]
[WhiteFideId "919152"]
[BlackFideId "13700570"]
[WhiteElo "2043"]
[BlackElo "2472"]
[Result "0-1"]
[Round "02"]
[TimeControl "180+1"]
[Date "2022.05.11"]
[WhiteClock "0:00:17"]
[BlackClock "0:01:08"]

1. d4 Nf6 2. Bg5 g6 3. Bxf6 exf6 4. c4 h5 5. Nc3 h4 6. e3 d6 7. f4 f5 8. Be2 Bg7 9. Bf3 c6 10. Nge2 Nd7 11. Qc2 Nf6 12. O-O-O Qa5 13. Kb1 Bd7 14. g3 O-O-O 15. Nc1 Rde8 16. Rhe1 hxg3 17. hxg3 Rh3 18. Qg2 Reh8 19. Rh1 Rxh1 20. Rxh1 Re8 21. Re1 Qd8 22. Nb3 Kb8 23. Nd2 Qe7 24. Ka1 Ng4 25. Bxg4 fxg4 26. Re2 Rh8 27. a3 f5 28. b4 Bf6 29. Kb2 Rh3 30. Nf1 Qg7 31. c5 dxc5 32. bxc5 Qf7 33. Qf2 Qc4 34. Qe1 Be6 35. Qd1 Rh1 36. Rf2 Bd8 37. Nd2 Qxc3+ 38. Kxc3 Rxd1 39. Rh2 Ba5+ 40. Kc2 Rxd2+ 41. Rxd2 Bxd2 42. Kxd2 Bd5 43. Kc3 Kc7 44. Kb4 b6 45. Kc3 a5 46. Kd3 Kb7 47. Kc3 Ka6 48. a4 Be4 49. Kb2 Bf3 50. Ka3 Bd1 51. cxb6 Kxb6 52. Kb2 Bxa4 53. Kc3 Bb5 54. Kc2 Bc4 55. Kc3 Bd5 56. Kd2 Kb5 57. Kc3 a4 58. Kb2 Kc4 59. Ka3 Kd3 60. Kxa4 Kxe3 61. Kb4 Kf3 62. Kc5 Kxg3 63. Kd6 Kxf4 64. Ke7 g3 65. Kf6 g2 66. Ke7 g1=Q 67. Kd6 Qxd4 68. Kc7 Qf6 69. Kb6 g5 70. Kc5 g4 71. Kb4 g3 72. Kc5 g2 73. Kb6 c5+ 74. Kc7 Qc6+ 75. Kd8 Qb7 76. Ke8 g1=Q 0-1


[Site "https://www.chess.com"]

[Event "Titled Tuesday Blitz May 10 Late 2022"]
[White "Sjugirov, Sanan"]
[Black "Khumalo, Keith"]
[WhiteFideId "4189302"]
[BlackFideId "14319470"]
[WhiteElo "2602"]
[BlackElo "2057"]
[Result "0-1"]
[Round "02"]
[TimeControl "180+1"]
[Date "2022.05.10"]
[WhiteClock "0:00:02"]
[BlackClock "0:00:59"]

1. e4 c5 2. Nc3 g6 3. g3 Bg7 4. Bg2 Nc6 5. d3 Rb8 6. a4 a6 7. Nge2 b5 8. axb5 axb5 9. O-O d6 10. f4 Nd4 11. Nxd4 Bxd4+ 12. Kh1 h5 13. h3 b4 14. Ne2 Bg7 15. f5 gxf5 16. exf5 Nf6 17. d4 c4 18. d5 Bb7 19. Be3 Kf8 20. Ra7 Qc8 21. Bd4 Rh7 22. c3 b3 23. Qd2 Kg8 24. Kg1 Nd7 25. Qe3 Ne5 26. Be4 Bh6 27. Nf4 Rg7 28. Kh1 Ra8 29. Rfa1 Rxa7 30. Rxa7 Qb8 31. Qf2 Bxf4 32. Qxf4 Nd3 33. Qh6 f6 34. Qxh5 Rxg3 35. Kh2 Rg7 36. Qe2 Ne5 37. Ra1 Qe8 38. Qf2 Qf7 0-1


[Site "https://www.chess.com"]

[Event "Titled Tuesday Blitz May 10 Late 2022"]
[White "Souleidis, Georgios"]
[Black "Martinez Alcantara, Jose Eduardo"]
[WhiteFideId "4206827"]
[BlackFideId "3805662"]
[WhiteElo "2401"]
[BlackElo "2690"]
[Result "0-1"]
[Round "02"]
[TimeControl "180+1"]
[Date "2022.05.10"]
[WhiteClock "0:00:02"]
[BlackClock "0:00:41"]

1. e4 c5 2. Be2 d6 3. f4 g6 4. d3 Bg7 5. Nf3 Nc6 6. O-O Nf6 7. c3 O-O 8. Kh1 b6 9. Be3 Bb7 10. Nbd2 e6 11. d4 Ne7 12. Bd3 a6 13. a3 Qc7 14. Qe2 b5 15. Rac1 Rac8 16. Bb1 Qb8 17. Rcd1 Rfd8 18. b4 cxb4 19. cxb4 Rc3 20. f5 exf5 21. exf5 Ned5 22. Bg5 Re8 23. Qf2 Ne3 24. fxg6 hxg6 25. Bxf6 Ng4 26. Qh4 Nxf6 27. Ng5 Qd8 28. Rf2 Rce3 29. Rdf1 Re1 30. Rxf6 Qxf6 31. Rxe1 Rxe1+ 32. Qxe1 Qxg5 33. Nf3 Bxf3 34. gxf3 Bxd4 35. Be4 d5 36. Bd3 Qf4 37. Qf1 Be5 38. Qe2 Qc1+ 39. Qf1 Qxa3 40. Qe1 Qxd3 41. Qxe5 Qf1# 0-1


[Site "https://www.chess.com"]

[Event "Titled Tuesday Blitz May 10 Late 2022"]
[White "Stremavicius, Titas"]
[Black "Martic, Ivan"]
[WhiteFideId "12804444"]
[BlackFideId "929301"]
[WhiteElo "2404"]
[BlackElo "2317"]
[Result "1-0"]
[Round "02"]
[TimeControl "180+1"]
[Date "2022.05.10"]
[WhiteClock "0:00:05"]
[BlackClock "0:00:03"]

1. c4 g6 2. e4 Bg7 3. d4 d6 4. Nc3 Nf6 5. Bd3 O-O 6. Nge2 Nc6 7. O-O Nh5 8. Bc2 e5 9. d5 Ne7 10. a4 f5 11. exf5 gxf5 12. f4 Ng6 13. a5 Ngxf4 14. Nxf4 Nxf4 15. Bxf4 exf4 16. Rxf4 Be5 17. Rf3 Qh4 18. Rh3 Qd4+ 19. Qxd4 Bxd4+ 20. Kh1 a6 21. Rf1 Bd7 22. Rh5 Rae8 23. h3 Re3 24. g4 Bxc3 25. bxc3 Rxc3 26. Bxf5 Bxf5 27. gxf5 Rxc4 28. f6 Rf7 29. Kh2 Rc2+ 30. Kg3 Re2 31. Rhf5 Kf8 32. Rb1 Ke8 33. Rxb7 Re5 34. Kf4 Re1 35. Rb8+ Kd7 36. Rg8 Rf1+ 37. Ke4 Re1+ 38. Kd4 Rd1+ 39. Kc4 Rc1+ 40. Kd3 Rd1+ 41. Ke2 Rh1 42. Rg7 Rh2+ 43. Kf1 Ke8 44. Rg3 Ra2 45. Re3+ Kd7 46. Kg1 Rxa5 47. Kg2 Rc5 48. Kg3 Rc4 49. Ra3 Rc1 50. Rxa6 Rg1+ 51. Kh4 Re1 52. Ra8 Re5 53. Kg5 1-0


[Site "https://www.chess.com"]

[Event "Titled Tuesday Blitz May 10 Late 2022"]
[White "Suder, Jakub"]
[Black "Hansen, Eric"]
[WhiteFideId "1195310"]
[BlackFideId "2606771"]
[WhiteElo "2058"]
[BlackElo "2568"]
[Result "0-1"]
[Round "02"]
[TimeControl "180+1"]
[Date "2022.05.10"]
[WhiteClock "0:00:08"]
[BlackClock "0:00:04"]

1. d4 Nf6 2. c4 e6 3. Nc3 Bb4 4. Qb3 a5 5. g3 Nc6 6. Nf3 a4 7. Qc2 a3 8. b3 d5 9. cxd5 Qxd5 10. Be3 Ne4 11. Bd2 Nxc3 12. Bxc3 Nxd4 13. Nxd4 Bxc3+ 14. Qxc3 Qxh1 15. Nf3 O-O 16. O-O-O e5 17. Bh3 Qxd1+ 18. Kxd1 Bxh3 19. Nxe5 Be6 20. e4 c5 21. f4 f6 22. Nd3 b6 23. f5 Bf7 24. e5 fxe5 25. Nxe5 Rad8+ 26. Kc1 Bd5 27. g4 Rfe8 28. h4 b5 29. g5 b4 30. Qg3 c4 31. bxc4 Rc8 32. Qf4 Rc7 33. Kb1 Rce7 34. cxd5 Rxe5 35. d6 Re1+ 36. Kc2 Kf8 37. f6 R1e2+ 38. Kb3 R2e3+ 39. Ka4 b3 40. d7 R3e4+ 41. Qxe4 Rxe4+ 42. Kxb3 Rd4 43. Kc3 Rxd7 0-1


[Site "https://www.chess.com"]

[Event "Titled Tuesday Blitz May 10 Late 2022"]
[White "Suleymanli, Aydin"]
[Black "Nazaretyan, Tigran"]
[WhiteFideId "13413937"]
[BlackFideId "24162345"]
[WhiteElo "2481"]
[BlackElo "2225"]
[Result "1-0"]
[Round "02"]
[TimeControl "180+1"]
[Date "2022.05.10"]
[WhiteClock "0:00:19"]
[BlackClock "0:00:04"]

1. e4 c5 2. Nf3 Nc6 3. d4 cxd4 4. Nxd4 Nf6 5. Nc3 d6 6. Be2 e5 7. Nb3 Be7 8. O-O O-O 9. f4 a5 10. a4 Be6 11. f5 Bd7 12. Bf3 Nb4 13. Be3 Bc6 14. Nd2 d5 15. exd5 Nbxd5 16. Nxd5 Nxd5 17. Bf2 Bg5 18. Nc4 Re8 19. Re1 f6 20. Be4 Kh8 21. c3 Qd7 22. Qf3 Rad8 23. Rad1 Qf7 24. Nxa5 Qc7 25. Nxc6 bxc6 26. h4 Bh6 27. g3 Qb7 28. b4 Rd7 29. b5 Red8 30. c4 cxb5 31. Bxd5 e4 32. Bxb7 exf3 33. Rxd7 Rg8 34. axb5 Bd2 35. Ree7 Bb4 36. Rf7 Bf8 37. Bd5 h5 38. Rd8 Bc5 39. Rfd7 Bxf2+ 40. Kxf2 g5 41. fxg6 Rxd8 42. Rh7# 1-0


[Site "https://www.chess.com"]

[Event "Titled Tuesday Blitz May 10 Late 2022"]
[White "Terry, Renato"]
[Black "Vajda, Levente"]
[WhiteFideId "3803457"]
[BlackFideId "1203975"]
[WhiteElo "2577"]
[BlackElo "2573"]
[Result "1-0"]
[Round "02"]
[TimeControl "180+1"]
[Date "2022.05.10"]
[WhiteClock "0:00:04"]
[BlackClock "0:00:01"]

1. e4 e5 2. Nf3 Nc6 3. c3 d5 4. Qa4 dxe4 5. Nxe5 Qd5 6. Nxc6 bxc6 7. Bc4 Qd6 8. d3 exd3 9. O-O Bd7 10. Rd1 Nf6 11. Bxd3 Qc5 12. Nd2 Bd6 13. Re1+ Kf8 14. Nf3 h6 15. Qh4 Bg4 16. h3 Bxf3 17. gxf3 g5 18. Qc4 Qxc4 19. Bxc4 Kg7 20. Be3 c5 21. Rad1 Rhe8 22. b3 Nh5 23. Bf1 Nf4 24. Rd2 a5 25. Red1 Re6 26. a4 Rb8 27. Rc2 Re7 28. Rb1 Nd5 29. Bd2 Bf4 30. Bc4 Bxd2 31. Bxd5 Bf4 32. Be4 Rd8 33. b4 cxb4 34. cxb4 axb4 35. Rxb4 Rd1+ 36. Kg2 Red7 37. Re2 Ra1 38. Rb1 Ra3 39. Rc2 Rd4 40. Bc6 Bd6 41. Re1 Rb4 42. Rec1 Rd4 43. Re1 Rb4 44. Bb5 Rd4 45. Rec1 Rb4 46. Rc3 Ra2 47. R3c2 Ra3 48. Re1 Rd4 49. Re3 Ra1 50. Rd3 Rb4 51. f4 Bxf4 52. Rdc3 Bd6 53. Rf3 Rbb1 54. Rfc3 Bf4 55. Kf3 Rh1 56. Ke4 Rhe1+ 57. Kd5 1-0


[Site "https://www.chess.com"]

[Event "Titled Tuesday Blitz May 10 Late 2022"]
[White "Tisaj, Domen"]
[Black "Shimanov, Aleksandr"]
[WhiteFideId "14628708"]
[BlackFideId "4198603"]
[WhiteElo "2326"]
[BlackElo "2605"]
[Result "0-1"]
[Round "02"]
[TimeControl "180+1"]
[Date "2022.05.10"]
[WhiteClock "0:02:02"]
[BlackClock "0:00:40"]

1. d4 Nf6 2. c4 g6 3. Nc3 Bg7 4. e4 O-O 5. f3 d6 6. Be3 c5 7. Nge2 Nc6 8. d5 Ne5 9. Ng3 h5 10. Be2 h4 11. Nf1 e6 12. Nd2 exd5 13. cxd5 a6 14. a4 Rb8 15. O-O h3 16. g3 Bd7 17. Bg5 Qb6 18. f4 Neg4 19. Nc4 Qc7 20. e5 dxe5 21. fxe5 Nh7 22. d6 Qc8 23. Nb6 Qc6 24. Nxd7 Qg2# 0-1


[Site "https://www.chess.com"]

[Event "Titled Tuesday Blitz May 10 Late 2022"]
[White "Tomaszewski, Kacper"]
[Black "Kaganskiy, Gleb"]
[WhiteFideId "1127373"]
[BlackFideId "4132025"]
[WhiteElo "2153"]
[BlackElo "2165"]
[Result "1-0"]
[Round "02"]
[TimeControl "180+1"]
[Date "2022.05.11"]
[WhiteClock "0:01:27"]
[BlackClock "0:00:08"]

1. Nf3 d5 2. c4 e6 3. g3 Nf6 4. Bg2 Be7 5. O-O O-O 6. b3 c5 7. cxd5 exd5 8. d4 Nc6 9. Bb2 Re8 10. Nc3 Ne4 11. dxc5 Bf6 12. Rc1 Nxc5 13. Nxd5 Bxb2 14. Rxc5 Be6 15. Nf4 Qxd1 16. Rxd1 Rad8 17. Rxd8 Rxd8 18. Nxe6 Rd1+ 19. Bf1 fxe6 20. Rc2 Bf6 21. Kg2 Kf7 22. e3 Ke7 23. Be2 Rd8 24. Rd2 Rxd2 25. Nxd2 Nb4 26. a3 Nc2 27. a4 Bc3 28. Ne4 Bb4 29. g4 h6 30. h4 Na1 31. Bc4 Nc2 32. g5 hxg5 33. hxg5 Ne1+ 34. Kg3 Nc2 35. Kf3 Ba5 36. Ke2 Nb4 37. Nc5 b6 38. Nxe6 1-0


[Site "https://www.chess.com"]

[Event "Titled Tuesday Blitz May 10 Late 2022"]
[White "Urbina Perez, Juan Antonio"]
[Black "Oganian, Miran"]
[WhiteFideId "2217368"]
[BlackFideId "4122488"]
[WhiteElo "2192"]
[BlackElo "2357"]
[Result "0-1"]
[Round "02"]
[TimeControl "180+1"]
[Date "2022.05.11"]
[WhiteClock "0:00:11"]
[BlackClock "0:00:13"]

1. e4 e6 2. d4 d5 3. Nd2 Nc6 4. Ngf3 Nf6 5. e5 Nd7 6. Be2 Be7 7. Nf1 O-O 8. Ne3 f6 9. exf6 Nxf6 10. O-O Bd6 11. c4 b6 12. Bd2 Bb7 13. Rc1 Bf4 14. cxd5 exd5 15. Re1 Ne4 16. Nf1 Nxd2 17. N1xd2 Qf6 18. Bb5 Nxd4 19. Nxd4 Qxd4 20. Nf3 Qxb2 21. Rb1 Qf6 22. Nd4 c5 23. Ne6 d4 24. Nxf8 Rxf8 25. Bc4+ Kh8 26. Qe2 Qh4 27. g3 Qh3 28. Qf1 Qg4 29. Be2 Qg5 30. Ba6 Ba8 31. Bc4 Be3 32. Re2 Qg4 33. Rxe3 dxe3 34. f4 Re8 35. Be2 Qf5 36. Bf3 Bxf3 37. Qxf3 Qxb1+ 38. Kg2 e2 39. Kh3 e1=Q 40. Qc6 Qf5+ 41. Kh4 g5+ 42. fxg5 Qee4+ 43. Qxe4 Rxe4+ 44. g4 Qxg4# 0-1


[Site "https://www.chess.com"]

[Event "Titled Tuesday Blitz May 10 Late 2022"]
[White "Villiers, Thomas"]
[Black "Ohanyan, Emin"]
[WhiteFideId "427209"]
[BlackFideId "13312022"]
[WhiteElo "2164"]
[BlackElo "1927"]
[Result "1-0"]
[Round "02"]
[TimeControl "180+1"]
[Date "2022.05.11"]
[WhiteClock "0:00:47"]
[BlackClock "0:00:03"]

1. e4 e5 2. Nf3 Nc6 3. Bc4 Nf6 4. O-O Nxe4 5. Re1 d5 6. Bb5 Bc5 7. d4 exd4 8. Nxd4 O-O 9. Bxc6 bxc6 10. Be3 Qf6 11. c3 Bb6 12. Nd2 Nxd2 13. Qxd2 c5 14. Nf3 c6 15. Bg5 Qg6 16. Ne5 Qd6 17. Nc4 Qg6 18. Nxb6 axb6 19. Be7 Re8 20. Bh4 Be6 21. Bg3 Ra4 22. Re5 Rxa2 23. Rxa2 Qb1+ 24. Qe1 Qxa2 25. f4 Qa8 26. f5 Bd7 27. Rxe8+ Bxe8 28. Bd6 Bd7 29. f6 Be6 30. fxg7 Qa2 31. h3 Qxb2 32. Qh4 Qc1+ 33. Kh2 h6 34. Be5 Qg5 35. Qe1 Qg6 36. Qa1 Kh7 37. Qa8 Qf5 38. Qh8+ Kg6 39. g8=Q+ Kh5 40. g4+ Kh4 41. Bg3# 1-0


[Site "https://www.chess.com"]

[Event "Titled Tuesday Blitz May 10 Late 2022"]
[White "Vlassov, Nikolai"]
[Black "Federzoni, Enzo"]
[WhiteFideId "4103360"]
[BlackFideId "2173301"]
[WhiteElo "2407"]
[BlackElo "1956"]
[Result "1-0"]
[Round "02"]
[TimeControl "180+1"]
[Date "2022.05.11"]
[WhiteClock "0:00:13"]
[BlackClock "0:00:05"]

1. e4 c6 2. d4 d5 3. e5 c5 4. dxc5 e6 5. Nf3 Bxc5 6. Bd3 Ne7 7. O-O Ng6 8. Qe2 Nc6 9. c3 Qc7 10. Re1 f6 11. Bxg6+ hxg6 12. b4 Bb6 13. b5 Nxe5 14. Nxe5 fxe5 15. Qxe5 Qxe5 16. Rxe5 Bc7 17. Rg5 Bxh2+ 18. Kf1 Bd6 19. Kg1 Kf7 20. Be3 e5 21. Nd2 Bf5 22. a4 Bd3 23. Nf3 Rae8 24. Bxa7 e4 25. Rxd5 Bf4 26. Ng5+ Kf6 27. Bd4+ Be5 28. Rxe5 Rxe5 29. Bxe5+ Kxg5 30. Bxg7 Ra8 31. c4 Bxc4 32. Bd4 Kf5 33. b6 Ke6 34. a5 Kd5 35. Be3 Ba6 36. Rc1 Re8 37. Rc5+ Ke6 38. g4 Re7 39. Kg2 Rd7 40. Kg3 Kf7 41. Kf4 Re7 42. Rd5 Kg8 43. Kg5 Kf7 44. Bd4 Bc4 45. Rd6 Ba6 46. Rf6+ Ke8 47. Rxg6 Kd7 48. Rg7 Rxg7+ 49. Bxg7 Ke6 50. Bd4 Kf7 51. Kf5 Bd3 52. Be3 Kg7 53. g5 Kf7 54. g6+ Kg7 55. Bd4+ Kg8 56. Kf6 Ba6 57. g7 Bd3 58. Ke5 Kf7 59. Kf4 Kg8 60. Ke3 Kf7 61. f3 exf3 62. Kxd3 1-0


[Site "https://www.chess.com"]

[Event "Titled Tuesday Blitz May 10 Late 2022"]
[White "Voiteanu, Gabriel"]
[Black "Papp, Levente"]
[WhiteFideId "1208810"]
[BlackFideId "751243"]
[WhiteElo "2001"]
[BlackElo "2308"]
[Result "0-1"]
[Round "02"]
[TimeControl "180+1"]
[Date "2022.05.11"]
[WhiteClock "0:00:03"]
[BlackClock "0:00:43"]

1. d4 e6 2. g3 Nf6 3. Nf3 c5 4. Bg2 Nc6 5. O-O cxd4 6. Nxd4 Bc5 7. Nb3 Be7 8. c4 O-O 9. c5 d6 10. cxd6 Qxd6 11. Qxd6 Bxd6 12. Bg5 Be7 13. Nc3 h6 14. Bxf6 Bxf6 15. Ne4 Bxb2 16. Rad1 Ba3 17. Nd6 Rd8 18. Nb5 Be7 19. Rxd8+ Nxd8 20. Rd1 a6 21. Nd6 Kf8 22. Nc5 Bxd6 23. Rxd6 Ke7 24. Rb6 Bd7 25. a4 Rc8 26. Nxd7 Rc1+ 27. Bf1 Kxd7 28. f4 Kc7 29. Rb4 Nc6 30. Rb2 Ra1 31. Kf2 Rxa4 32. Bg2 b5 33. f5 exf5 34. Bd5 f6 35. Rc2 Kd6 36. Bxc6 f4 37. Kf3 fxg3 38. hxg3 Ra3+ 39. e3 b4 40. Be8 b3 41. Rc6+ Kd5 42. Rb6 Kc4 43. Bf7+ Kc3 44. Kg4 b2 45. Kh5 Ra5+ 46. Kg6 Rg5+ 47. Kh7 Rxg3 48. Bg6 a5 0-1


[Site "https://www.chess.com"]

[Event "Titled Tuesday Blitz May 10 Late 2022"]
[White "Vovk, Orest"]
[Black "Nilsson, Joakim"]
[WhiteFideId "14113490"]
[BlackFideId "1723383"]
[WhiteElo "2203"]
[BlackElo "2210"]
[Result "1-0"]
[Round "02"]
[TimeControl "180+1"]
[Date "2022.05.11"]
[WhiteClock "0:00:25"]
[BlackClock "0:02:05"]

1. h4 e5 2. h5 h6 3. Nc3 Nf6 4. d4 exd4 5. Qxd4 Nc6 6. Qa4 Bb4 7. Bd2 d5 8. O-O-O O-O 9. Nf3 Be6 10. a3 Ba5 11. Qh4 d4 12. Nb5 a6 13. Nbxd4 Nxd4 14. Nxd4 Bxd2+ 15. Rxd2 Qe7 16. e3 Rfd8 17. Bd3 c5 18. Nxe6 Qxe6 19. Bc4 Qe7 20. Rhd1 Rxd2 21. Rxd2 Rd8 22. Rxd8+ Qxd8 23. g4 b5 24. Bd3 c4 25. Bf5 Qd6 26. g5 hxg5 27. Qxg5 c3 28. h6 cxb2+ 29. Kxb2 Qe5+ 30. c3 g6 31. h7+ Kxh7 32. Qh4+ Kg7 33. Bc2 Nd5 34. Qd4 Kf6 35. Be4 Qxd4 36. cxd4 Nb6 37. Bd3 Ke6 38. e4 f5 39. f3 f4 40. Kc3 g5 41. Kb4 Kd6 42. Ka5 Nc4+ 43. Kxa6 Nxa3 44. Kb7 b4 45. e5+ Kd5 46. Kc7 b3 47. Kd7 Nc2 48. e6 Nxd4 49. e7 1-0


[Site "https://www.chess.com"]

[Event "Titled Tuesday Blitz May 10 Late 2022"]
[White "Vujic, Mihailo"]
[Black "Petrovskyi, Vadym"]
[WhiteFideId "918873"]
[BlackFideId "14165210"]
[WhiteElo "2516"]
[BlackElo "2784"]
[Result "1-0"]
[Round "02"]
[TimeControl "180+1"]
[Date "2022.05.11"]
[WhiteClock "0:00:07"]
[BlackClock "0:00:10"]

1. e4 c5 2. Nf3 d6 3. c3 Nf6 4. Be2 g6 5. O-O Bg7 6. Bb5+ Nc6 7. Re1 O-O 8. d4 cxd4 9. cxd4 Bg4 10. Bxc6 bxc6 11. Nc3 Rb8 12. h3 Bxf3 13. Qxf3 Nd7 14. d5 c5 15. b3 f5 16. Bd2 f4 17. h4 Ne5 18. Qh3 f3 19. g3 c4 20. h5 gxh5 21. Qxh5 Qc8 22. Rec1 Nd3 23. Rc2 cxb3 24. axb3 Rxb3 25. Rxa7 Nxf2 26. Rxe7 Nh3+ 27. Kh2 f2 28. Bh6 f1=Q 29. Rxg7+ Kh8 30. Rxh7+ Kxh7 31. Bf4+ Kg7 32. Qh6+ Kf7 33. Qh7+ Ke8 34. Qg6+ Rf7 35. Qg8+ Ke7 36. Qxc8 Qg1+ 37. Kxh3 Rh7+ 38. Kg4 Rg7+ 39. Kf5 Rf7+ 40. Kg6 Qa7 41. Qe6+ Kd8 42. Qxf7 Qxf7+ 43. Kxf7 Kd7 44. Bg5 Rb4 45. e5 Rc4 46. e6+ Kc7 47. e7 Kb7 48. Ke6 Kb6 49. Kd7 Kc5 50. e8=Q Kd4 51. Qe3# 1-0


[Site "https://www.chess.com"]

[Event "Titled Tuesday Blitz May 10 Late 2022"]
[White "Vusatiuk, Vladimir"]
[Black "Alfaro, William"]
[WhiteFideId "14118610"]
[BlackFideId "6100457"]
[WhiteElo "2157"]
[BlackElo "2096"]
[Result "0-1"]
[Round "02"]
[TimeControl "180+1"]
[Date "2022.05.11"]
[WhiteClock "0:00:02"]
[BlackClock "0:00:53"]

1. d4 Nf6 2. c4 g6 3. Nc3 Bg7 4. e4 d6 5. Nf3 O-O 6. Be2 e5 7. O-O Nc6 8. d5 Ne7 9. Ne1 Nd7 10. Nd3 f5 11. f3 a5 12. a4 f4 13. Kh1 g5 14. Rg1 Rf7 15. b4 Ng6 16. bxa5 Rxa5 17. Qe1 h5 18. g3 b6 19. Bd2 Ra8 20. a5 bxa5 21. c5 dxc5 22. Nb5 a4 23. Ba5 Nb6 24. Nxc5 fxg3 25. hxg3 h4 26. Ne6 Bxe6 27. dxe6 Rf8 28. Rd1 Qe7 29. Bb4 c5 30. Ba3 Rad8 31. Qf2 Qxe6 32. Bxc5 hxg3 33. Rxg3 Rxd1+ 34. Bxd1 Rd8 35. Be2 Nc4 36. Nc7 Qf7 37. Rxg5 Nf4 38. Nd5 Nd2 39. Ne7+ Kh7 40. Qh2+ Bh6 41. Rf5 Qg7 42. Bf1 Nxf1 43. Qf2 Ng3+ 44. Kh2 Nxf5 45. Nxf5 Qg6 46. Be7 Qh5+ 0-1


[Site "https://www.chess.com"]

[Event "Titled Tuesday Blitz May 10 Late 2022"]
[White "Wagner, Dennis"]
[Black "Can, Melih Kaan"]
[WhiteFideId "24650684"]
[BlackFideId "6317383"]
[WhiteElo "2355"]
[BlackElo "2049"]
[Result "1/2-1/2"]
[Round "02"]
[TimeControl "180+1"]
[Date "2022.05.11"]
[WhiteClock "0:00:07"]
[BlackClock "0:00:06"]

1. Nf3 c5 2. c4 Nc6 3. Nc3 g6 4. e3 Nf6 5. d4 cxd4 6. exd4 d5 7. cxd5 Nxd5 8. Qb3 Nxc3 9. Bc4 e6 10. bxc3 Bg7 11. Ba3 Na5 12. Bb5+ Bd7 13. Qa4 b6 14. O-O Bxb5 15. Qxb5+ Qd7 16. Qd3 Rc8 17. Nd2 Qa4 18. Bb4 Nc6 19. Bd6 Bf8 20. Bxf8 Kxf8 21. c4 Kg7 22. d5 exd5 23. cxd5 Qd4 24. Qxd4+ Nxd4 25. Nb3 Ne2+ 26. Kh1 Rhd8 27. Rfe1 Nf4 28. Re7 a5 29. Rb7 a4 30. Nd4 Rxd5 31. Nf3 Rc2 32. Rf1 b5 33. a3 Ra2 34. g3 Nd3 35. Kg2 Rxa3 36. h4 h6 37. Nh2 Ne5 38. Re1 Ra2 39. Nf3 Nxf3 40. Kxf3 Rf5+ 41. Kg4 Raxf2 42. Re8 Rh2 43. h5 Rg5+ 44. Kf3 Rhxh5 45. Rbb8 Rf5+ 46. Kg2 b4 47. Rg8+ Kf6 48. Rxb4 Ra5 49. Rc8 Rhe5 50. Rc2 a3 51. Ra2 Rec5 52. Rb3 Rc4 53. Rf3+ Kg7 54. Rfxa3 Rxa3 55. Rxa3 Rc6 56. Ra5 h5 57. Kf3 Re6 58. Kg2 f6 59. Kf3 g5 60. Rb5 Kg6 61. Ra5 Re5 62. Ra8 Rf5+ 63. Kg2 Rb5 64. Rg8+ Kf5 65. Rc8 Rb4 66. Rc6 Kg4 67. Rxf6 Rb2+ 68. Kg1 Kxg3 69. Rf1 h4 70. Rc1 Rb3 71. Kh1 g4 72. Rg1+ Kh3 73. Rd1 Rb2 74. Rc1 g3 75. Rd1 Rb4 76. Rc1 Kg4 77. Rd1 Rb3 78. Re1 Kf3 79. Rc1 h3 80. Rd1 Rb2 81. Rc1 Rh2+ 82. Kg1 Rg2+ 83. Kh1 Re2 84. Rf1+ Ke3 85. Ra1 Kf2 86. Rf1+ Ke3 87. Ra1 Kd2 88. Ra2+ Ke1 89. Ra1+ Kd2 90. Ra2+ Ke3 91. Ra1 1/2-1/2


[Site "https://www.chess.com"]

[Event "Titled Tuesday Blitz May 10 Late 2022"]
[White "Weber, Samuel"]
[Black "Hnydiuk, Aleksander"]
[WhiteFideId "12924008"]
[BlackFideId "1109057"]
[WhiteElo "2215"]
[BlackElo "2374"]
[Result "1-0"]
[Round "02"]
[TimeControl "180+1"]
[Date "2022.05.11"]
[WhiteClock "0:01:45"]
[BlackClock "0:00:48"]

1. b3 a5 2. a4 e5 3. Bb2 f6 4. g3 d5 5. Bg2 c5 6. e3 Nc6 7. Ne2 h5 8. O-O h4 9. f4 hxg3 10. Nxg3 Bh3 11. fxe5 Bxg2 12. Kxg2 fxe5 13. Qg4 Nf6 14. Qg6+ Kd7 15. Nc3 Kc7 16. Nb5+ Kb6 17. d4 Qd7 18. Qf5 Qxf5 19. Rxf5 cxd4 20. exd4 e4 21. c4 Nb4 22. c5+ Kc6 23. h3 Be7 24. Raf1 Nd3 25. Bc3 Rh7 26. Rg5 Rah8 27. Nf5 Bf8 28. h4 Ng4 29. Rxg4 Kd7 30. Bxa5 Ke6 31. Nc7+ Kd7 32. Nxd5 1-0


[Site "https://www.chess.com"]